PAA
AKRON BLIMPS @ FT. POLK SOUTH THUNDER HAWKS
07/29/2042
 
TOP OF THE 1ST
Akron Blimps batting - Pitching for Ft. Polk South Thunder Hawks : RHP Scott Richardson
Pitching: RHP Scott Richardson
Batting: LHB Steve Chittick 0-0: Called Strike
0-1: Ball
1-1: Ground out 4-3 (Groundball, 4S, EV 81.9 MPH)
Batting: LHB Fernando Negrete 0-0: Ball
1-0: Ball
2-0: Ball
3-0: Called Strike
3-1: Base on Balls
Batting: RHB Jeff Camp 0-0: Ball
1-0: Called Strike
1-1: Fly out, F4 (Popup, 3DF, EV 66.2 MPH)
Batting: LHB Numberto Pencíl 0-0: Called Strike
0-1: Foul Ball, location: 2F
0-2: Ball
1-2: DOUBLE (Line Drive, 9LM, EV 100.0 MPH)
Fernando Negrete to third
Runner from 3rd tries for Home, SAFE, throw by RF to trailing runner, SAFE at third!
Batting: LHB Octávio Obezo 0-0: Foul Ball, location: 2F
0-1: Foul Ball, location: 2F
0-2: Ball
1-2: Foul Ball, location: 2F
1-2: Ball
2-2: TRIPLE (Flyball, 78XD, EV 101.2 MPH)
Numberto Pencíl scores
Batting: RHB Alohinani Puanani 0-0: Ball
1-0: Called Strike
1-1: Ball
2-1: Ball
3-1: Called Strike
3-2: Fly out, F8 (Line Drive, 8LD, EV 98.8 MPH)
Top of the 1st over - 2 runs, 2 hits, 0 errors, 1 left on base; Akron 2 - Ft. Polk South 0
BOTTOM OF THE 1ST
Ft. Polk South Thunder Hawks batting - Pitching for Akron Blimps : RHP Leonardo Sánchez
Pitching: RHP Leonardo Sánchez
Batting: SHB Francisco Daulong 0-0: Ball
1-0: TRIPLE (Flyball, 89XD, EV 96.9 MPH)
Pinch Runner at 3rd Olkhovsky Gennadiyevich:
Batting: LHB Gabriel Obregón 0-0: Called Strike
0-1: Fly out, F9 (Flyball, 9S, EV 85.6 MPH)
Batting: LHB Remco Mastenbroek 0-0: Ball
1-0: Ball
2-0: Ball
3-0: Base on Balls
Batting: LHB Jorge Agramunt 0-0: Ball
1-0: SINGLE (Line Drive, 7LS, EV 109.4 MPH)
Olkhovsky Gennadiyevich scores
Remco Mastenbroek to second
Batting: RHB Aubrey Miller 0-0: Ball
1-0: Ball
2-0: Foul Ball, location: 2F
2-1: Ball
3-1: Fielders Choice at 2nd, 4-6 (Groundball, 4, EV 82.5 MPH)
Remco Mastenbroek to third
Batting: LHB Tim Carson 0-0: Fly out, F8 (Flyball, 8RD, EV 85.6 MPH)
Bottom of the 1st over - 1 run, 2 hits, 0 errors, 2 left on base; Akron 2 - Ft. Polk South 1
TOP OF THE 2ND
Akron Blimps batting - Pitching for Ft. Polk South Thunder Hawks : RHP Scott Richardson
Now at 2B: Olkhovsky Gennadiyevich
Batting: RHB Dave Hill 0-0: Foul Ball, location: 2F
0-1: SOLO HOME RUN (Flyball, 78XD, EV 105.6 MPH), Distance : 373 ft
Batting: RHB Dave Flynn 0-0: Swinging Strike
0-1: SINGLE (Flyball, 6D, EV 94.4 MPH)
Batting: RHB Hun-hyeon Kang 0-0: Foul Ball, location: 2F
0-1: Called Strike
0-2: Strikes out swinging
Batting: LHB Steve Chittick 0-0: Ball
1-0: Ball
2-0: Swinging Strike
2-1: Foul Ball, location: 2F
2-2: Ball
3-2: SINGLE (Groundball, 15, EV 61.9 MPH) (infield hit)
Dave Flynn to second
Batting: LHB Fernando Negrete 0-0: Swinging Strike
0-1: SINGLE (Groundball, 34D, EV 100.0 MPH)
Dave Flynn to third
Steve Chittick to second
Runner from 3rd tries for Home, SAFE, throw by RF to home
Batting: RHB Jeff Camp 0-0: Ball
1-0: SINGLE (Line Drive, 3D, EV 95.0 MPH)
Steve Chittick to third
Fernando Negrete to second
Runner from 3rd tries for Home, SAFE, throw by RF to home
Batting: LHB Numberto Pencíl 0-0: Called Strike
0-1: Fly out, F8 (Flyball, 8RD, EV 103.1 MPH)
Batting: LHB Octávio Obezo 0-0: Ball
1-0: Ball
2-0: Ground out U3 (Groundball, 3, EV 88.1 MPH)
Top of the 2nd over - 3 runs, 5 hits, 0 errors, 2 left on base; Akron 5 - Ft. Polk South 1
BOTTOM OF THE 2ND
Ft. Polk South Thunder Hawks batting - Pitching for Akron Blimps : RHP Leonardo Sánchez
Batting: RHB Tora Tora 0-0: Ball
1-0: Called Strike
1-1: Called Strike
1-2: Fly out, F9 (Flyball, 89M, EV 93.1 MPH)
Batting: RHB Raúl Colomo 0-0: Ball
1-0: Foul Ball, location: 2F
1-1: Ball
2-1: Swinging Strike
2-2: Foul Ball, location: 2F
2-2: Ground out 4-3 (Groundball, 4S, EV 66.9 MPH)
Batting: RHB Juho Hovinen 0-0: Ball
1-0: Ball
2-0: Called Strike
2-1: SINGLE (Line Drive, 78M, EV 85.6 MPH)
Batting: RHB Olkhovsky Gennadiyevich 0-0: Ball
1-0: Called Strike
1-1: Ball
2-1: Ball
3-1: Called Strike
3-2: Strikes out swinging
Bottom of the 2nd over - 0 runs, 1 hit, 0 errors, 1 left on base; Akron 5 - Ft. Polk South 1
TOP OF THE 3RD
Akron Blimps batting - Pitching for Ft. Polk South Thunder Hawks : RHP Scott Richardson
Batting: RHB Alohinani Puanani 0-0: Swinging Strike
0-1: Ball
1-1: Foul Ball, location: 2F
1-2: Strikes out swinging
Batting: RHB Dave Hill 0-0: Ball
1-0: Foul Ball, location: 2F
1-1: Foul Ball, location: 2F
1-2: Ground out 6-3 (Groundball, 6, EV 104.4 MPH)
Batting: RHB Dave Flynn 0-0: Swinging Strike
0-1: Ball
1-1: Called Strike
1-2: Foul Ball, location: 2F
1-2: Ball
2-2: Ball
3-2: Strikes out looking
Top of the 3rd over - 0 runs, 0 hits, 0 errors, 0 left on base; Akron 5 - Ft. Polk South 1
BOTTOM OF THE 3RD
Ft. Polk South Thunder Hawks batting - Pitching for Akron Blimps : RHP Leonardo Sánchez
Batting: LHB Gabriel Obregón 0-0: Ball
1-0: Ground out 4-3 (Groundball, 4, EV 90.6 MPH)
Batting: LHB Remco Mastenbroek 0-0: Ball
1-0: Ball
2-0: Ball
3-0: Base on Balls
Batting: LHB Jorge Agramunt 0-0: Ball
1-0: Called Strike
Remco Mastenbroek steals 2nd base (no throw)
1-1: Ball
2-1: Swinging Strike
2-2: Ball
3-2: Foul Ball, location: 2F
3-2: Ground out 5-3 (Groundball, 56, EV 110.6 MPH)
Batting: RHB Aubrey Miller 0-0: Ball
1-0: Ball
2-0: Ball
3-0: Called Strike
3-1: Base on Balls
Batting: LHB Tim Carson 0-0: Ball
1-0: Ball
2-0: Swinging Strike
2-1: Foul Ball, location: 2F
2-2: Foul Ball, location: 2F
2-2: Ground out 4-3 (Groundball, 4, EV 84.4 MPH)
Bottom of the 3rd over - 0 runs, 0 hits, 0 errors, 2 left on base; Akron 5 - Ft. Polk South 1
TOP OF THE 4TH
Akron Blimps batting - Pitching for Ft. Polk South Thunder Hawks : RHP Scott Richardson
Batting: RHB Hun-hyeon Kang 0-0: Ball
1-0: Ball
2-0: Called Strike
2-1: Called Strike
2-2: Foul Ball, location: 2F
2-2: Fly out, F9 (Line Drive, 9, EV 95.0 MPH)
Batting: LHB Steve Chittick 0-0: Ball
1-0: Ball
2-0: Ball
3-0: Called Strike
3-1: Foul Ball, location: 2F
3-2: SINGLE (Groundball, 6D, EV 99.4 MPH)
Batting: LHB Fernando Negrete 0-0: Called Strike
0-1: Ball
1-1: Fly out, F8 (Flyball, 8LS, EV 82.5 MPH)
Batting: RHB Jeff Camp 0-0: Fly out, F3 (Popup, 3SF, EV 73.1 MPH)
Top of the 4th over - 0 runs, 1 hit, 0 errors, 1 left on base; Akron 5 - Ft. Polk South 1
BOTTOM OF THE 4TH
Ft. Polk South Thunder Hawks batting - Pitching for Akron Blimps : RHP Leonardo Sánchez
Batting: RHB Tora Tora 0-0: Swinging Strike
0-1: Foul Ball, location: 2F
0-2: Ball
1-2: Strikes out looking
Batting: RHB Raúl Colomo 0-0: Foul Ball, location: 2F
0-1: Ball
1-1: Swinging Strike
1-2: Strikes out swinging
Batting: RHB Juho Hovinen 0-0: Ball
1-0: Ball
2-0: Called Strike
2-1: Called Strike
2-2: Ground out 5-3 (Groundball, 56, EV 92.5 MPH)
Bottom of the 4th over - 0 runs, 0 hits, 0 errors, 0 left on base; Akron 5 - Ft. Polk South 1
TOP OF THE 5TH
Akron Blimps batting - Pitching for Ft. Polk South Thunder Hawks : RHP Scott Richardson
Batting: LHB Numberto Pencíl 0-0: Foul Ball, location: 2F
0-1: Ball
1-1: Swinging Strike
1-2: Ball
2-2: Ball
3-2: Foul Ball, location: 2F
3-2: Base on Balls
Batting: LHB Octávio Obezo 0-0: Fly out, F5 (Popup, 5S, EV 79.4 MPH)
Batting: RHB Alohinani Puanani 0-0: Ball
1-0: Fly out, F8 (Flyball, 89D, EV 92.5 MPH)
Batting: RHB Dave Hill 0-0: Called Strike
0-1: Fly out, F7 (Flyball, 7D, EV 107.5 MPH)
Top of the 5th over - 0 runs, 0 hits, 0 errors, 1 left on base; Akron 5 - Ft. Polk South 1
BOTTOM OF THE 5TH
Ft. Polk South Thunder Hawks batting - Pitching for Akron Blimps : RHP Leonardo Sánchez
Batting: RHB Olkhovsky Gennadiyevich 0-0: Ball
1-0: Ball
2-0: Called Strike
2-1: Called Strike
2-2: Strikes out swinging
Pitching: RHP Henry Terry
Batting: LHB Gabriel Obregón 0-0: Ball
1-0: Ball
2-0: Ground out 5-3 (Groundball, 5, EV 103.1 MPH)
Batting: LHB Remco Mastenbroek 0-0: Ball
1-0: Swinging Strike
1-1: Foul Ball, location: 2F
1-2: Foul Ball, location: 2F
1-2: Fly out, F8 (Flyball, 8LM, EV 88.8 MPH)
Bottom of the 5th over - 0 runs, 0 hits, 0 errors, 0 left on base; Akron 5 - Ft. Polk South 1
TOP OF THE 6TH
Akron Blimps batting - Pitching for Ft. Polk South Thunder Hawks : RHP Scott Richardson
Batting: RHB Dave Flynn 0-0: Called Strike
0-1: Ball
1-1: SINGLE (Groundball, 56, EV 85.0 MPH) (infield hit)
Batting: RHB Hun-hyeon Kang 0-0: Bunted foul
0-1: Bunted foul
0-2: Strikes out swinging
Batting: LHB Steve Chittick 0-0: Ball
1-0: Ball
2-0: Foul Ball, location: 2F
2-1: Fly out, F8 (Flyball, 8RD, EV 75.0 MPH)
Batting: LHB Fernando Negrete 0-0: Called Strike
Dave Flynn steals 2nd base
0-1: Ball
1-1: Ball
2-1: Ball
3-1: Fly out, F8 (Flyball, 8LS, EV 83.1 MPH)
Top of the 6th over - 0 runs, 1 hit, 0 errors, 1 left on base; Akron 5 - Ft. Polk South 1
BOTTOM OF THE 6TH
Ft. Polk South Thunder Hawks batting - Pitching for Akron Blimps : RHP Henry Terry
Batting: LHB Jorge Agramunt 0-0: Called Strike
0-1: Ground out 4-3 (Groundball, 4, EV 85.6 MPH)
Batting: RHB Aubrey Miller 0-0: Ball
1-0: Ball
2-0: Foul Ball, location: 2F
2-1: Foul Ball, location: 2F
2-2: Ball
3-2: Foul Ball, location: 2F
3-2: Strikes out looking
Batting: LHB Tim Carson 0-0: Ball
1-0: Called Strike
1-1: Foul Ball, location: 2F
1-2: Strikes out swinging
Bottom of the 6th over - 0 runs, 0 hits, 0 errors, 0 left on base; Akron 5 - Ft. Polk South 1
TOP OF THE 7TH
Akron Blimps batting - Pitching for Ft. Polk South Thunder Hawks : RHP Scott Richardson
Batting: RHB Jeff Camp 0-0: Swinging Strike
0-1: Called Strike
0-2: Foul Ball, location: 2F
0-2: Fly out, F9 (Flyball, 9D, EV 95.0 MPH)
Batting: LHB Numberto Pencíl 0-0: Ball
1-0: Called Strike
1-1: DOUBLE (Groundball, 3L, EV 93.8 MPH)
Pitching: LHP Masaki Ito
Batting: LHB Octávio Obezo 0-0: Foul Ball, location: 2F
0-1: Ground out 3-1 (Groundball, 34, EV 83.8 MPH)
Numberto Pencíl to third
Batting: RHB Alohinani Puanani 0-0: Ball
1-0: Fly out, F7 (Flyball, 7S, EV 83.1 MPH)
Top of the 7th over - 0 runs, 1 hit, 0 errors, 1 left on base; Akron 5 - Ft. Polk South 1
BOTTOM OF THE 7TH
Ft. Polk South Thunder Hawks batting - Pitching for Akron Blimps : RHP Henry Terry
Now in LF: Ju-ho Ko
Now in RF: Takahashi Yano
Batting: RHB Tora Tora 0-0: Called Strike
0-1: Ball
1-1: Ball
2-1: Foul Ball, location: 2F
2-2: Strikes out swinging
Batting: RHB Raúl Colomo 0-0: Ball
1-0: Called Strike
1-1: Called Strike
1-2: Ball
2-2: Ball
3-2: DOUBLE (Line Drive, 5D, EV 96.2 MPH)
Batting: RHB Juho Hovinen 0-0: Ball
1-0: Called Strike
1-1: Ball
2-1: Called Strike
2-2: Ball
3-2: Foul Ball, location: 2F
3-2: Ground out 5-3 (Groundball, 56, EV 106.2 MPH)
Batting: RHB Olkhovsky Gennadiyevich 0-0: Ball
1-0: Ball
2-0: Ball
3-0: Base on Balls
Batting: LHB Gabriel Obregón 0-0: Ball
1-0: SINGLE (Line Drive, 3D, EV 100.0 MPH)
Raúl Colomo to third
Olkhovsky Gennadiyevich to second
Batting: LHB Remco Mastenbroek 0-0: Fly out, F9 (Flyball, 89S, EV 88.1 MPH)
Bottom of the 7th over - 0 runs, 2 hits, 0 errors, 3 left on base; Akron 5 - Ft. Polk South 1
TOP OF THE 8TH
Akron Blimps batting - Pitching for Ft. Polk South Thunder Hawks : LHP Masaki Ito
Batting: RHB Dave Hill 0-0: Called Strike
0-1: Ground out 6-3 (Groundball, 6, EV 105.6 MPH)
Batting: RHB Dave Flynn 0-0: Called Strike
0-1: Ball
1-1: Swinging Strike
1-2: Strikes out swinging
Batting: RHB Hun-hyeon Kang 0-0: Ball
1-0: Ground out 6-3 (Groundball, 6, EV 108.1 MPH)
Top of the 8th over - 0 runs, 0 hits, 0 errors, 0 left on base; Akron 5 - Ft. Polk South 1
BOTTOM OF THE 8TH
Ft. Polk South Thunder Hawks batting - Pitching for Akron Blimps : RHP Henry Terry
Batting: LHB Jorge Agramunt 0-0: Ball
1-0: Foul Ball, location: 2F
1-1: Swinging Strike
1-2: Foul Ball, location: 2F
1-2: Ball
2-2: Foul Ball, location: 2F
2-2: Foul Ball, location: 2F
2-2: Ball
3-2: SOLO HOME RUN (Flyball, 9D, EV 99.4 MPH), Distance : 340 ft
Batting: RHB Aubrey Miller 0-0: Ball
1-0: Called Strike
1-1: Ball
2-1: Foul Ball, location: 2F
2-2: Ball
3-2: Base on Balls
Pitching: LHP Ramón Sánchez
Batting: LHB Tim Carson 0-0: Swinging Strike
0-1: Ball
1-1: Called Strike
1-2: Foul Ball, location: 2F
1-2: Ball
2-2: Ball
3-2: Foul Ball, location: 2F
3-2: Strikes out looking
Batting: RHB Tora Tora 0-0: Ball
1-0: Ball
2-0: SINGLE (Flyball, 8LS, EV 90.6 MPH)
Aubrey Miller to second
Batting: RHB Raúl Colomo 0-0: Called Strike
0-1: Foul Ball, location: 2F
0-2: Strikes out swinging
Batting: RHB Juho Hovinen 0-0: Swinging Strike
0-1: Ball
1-1: Ball
2-1: Ball
3-1: Swinging Strike
3-2: Base on Balls
Aubrey Miller to third
Tora Tora to second
Batting: RHB Olkhovsky Gennadiyevich 0-0: Ball
1-0: Swinging Strike
1-1: Fielders Choice at 2nd, 5-4 (Groundball, 56, EV 105.0 MPH)
Bottom of the 8th over - 1 run, 2 hits, 0 errors, 3 left on base; Akron 5 - Ft. Polk South 2
TOP OF THE 9TH
Akron Blimps batting - Pitching for Ft. Polk South Thunder Hawks : LHP Masaki Ito
Batting: LHB Steve Chittick 0-0: Ball
1-0: Called Strike
1-1: Ball
2-1: Foul Ball, location: 2F
2-2: Strikes out swinging
Batting: LHB Fernando Negrete 0-0: Called Strike
0-1: Ground out 5-3 (Groundball, 56, EV 76.9 MPH)
Batting: RHB Jeff Camp 0-0: Foul Ball, location: 2F
0-1: Ball
1-1: Fly out, F9 (Line Drive, 9, EV 100.0 MPH)
Top of the 9th over - 0 runs, 0 hits, 0 errors, 0 left on base; Akron 5 - Ft. Polk South 2
BOTTOM OF THE 9TH
Ft. Polk South Thunder Hawks batting - Pitching for Akron Blimps : LHP Ramón Sánchez
Pitching: RHP Gypsyamber D'Souza
Batting: LHB Gabriel Obregón 0-0: Swinging Strike
0-1: Ball
1-1: SINGLE (Line Drive, 78M, EV 107.5 MPH)
Batting: LHB Remco Mastenbroek 0-0: Ball
1-0: Called Strike
1-1: Ball
2-1: Ball
3-1: Base on Balls
Gabriel Obregón to second
Batting: LHB Jorge Agramunt 0-0: Called Strike
0-1: Swinging Strike
0-2: Ball
1-2: Ball
2-2: Ball
3-2: Fly out, F8 (Flyball, 78XD, EV 106.2 MPH)
Runner from 2nd tags up, SAFE at 3rd, no throw by CF
Batting: RHB Aubrey Miller 0-0: Ball
1-0: Ball
2-0: Called Strike
2-1: Ball
3-1: Swinging Strike
3-2: Strikes out swinging
Batting: LHB Tim Carson 0-0: Called Strike
0-1: Ball
1-1: Ball
2-1: Foul Ball, location: 2F
2-2: Ball
3-2: Base on Balls
Remco Mastenbroek to second
Batting: RHB Tora Tora 0-0: Called Strike
0-1: Ball
1-1: Called Strike
1-2: Strikes out looking
Bottom of the 9th over - 0 runs, 1 hit, 0 errors, 3 left on base; Akron 5 - Ft. Polk South 2
Friday, March 26th, 2021 - OOTP Baseball 20.8 Build 74